 Dungeon Crawl Stone Soup version 0.20.0-10-g0535bb4 (webtiles) character file.

34128 kuniqs the Severer (level 13, -25/135 HPs)
             Began as a Minotaur Berserker on June 4, 2017.
             Was the Champion of Trog.
             Hit by a large rock thrown by a cyclops (33 damage)
             ... on level 14 of the Dungeon.
             The game lasted 00:18:41 (13435 turns).

kuniqs the Severer (Minotaur Berserker)            Turns: 13435, Time: 00:18:42

Health: -25/135    AC: 22    Str: 26    XL:     13   Next: 40%
Magic:  12/12      EV: 12    Int:  2    God:    Trog [******]
Gold:   1033       SH:  0    Dex:  9    Spells: 12/12 levels left

rFire    . . .     SeeInvis .   U - +8 frozen axe "Frostbite" {freezing cloud, *Noise +Fly rC+}
rCold    + + +     Gourm    .   (shield currently unavailable)
rNeg     + + .     Faith    +   W - +1 plate armour of Responsibility {rC+ rN+}
rPois    .         Spirit   .   (helmet restricted)
rElec    .         Reflect  .   A - +0 cloak
rCorr    .         Harm     .   G - +0 pair of gloves
MR       .....                  y - +0 pair of boots
Stlth    ..........             u - amulet of faith
Regen    0.4/turn               b - ring of protection from cold
MPRegen  0.2/turn               Z - ring of positive energy

@: berserk cooldown, slowed, very slow
A: retaliatory headbutt, horns 2, clumsy 1, dopey 1, robust 1
a: Berserk, Trog's Hand, Brothers in Arms, Burn Spellbooks, Renounce Religion,
Evoke Flight


You were on level 14 of the Dungeon.
You worshipped Trog.
Trog was exalted by your worship.
You were very hungry.

You visited 1 branch of the dungeon, and saw 14 of its levels.

You collected 1113 gold pieces.
You spent 80 gold pieces at shops.

Inventory:

Hand Weapons
 M - the +8 dagger of Xaor {venom, rF+ MR+}
   (You found it on level 8 of the Dungeon)

   It poisons the flesh of those it strikes.
   It protects you from fire.
   It affects your resistance to hostile enchantments.
 U - the +8 frozen axe "Frostbite" (weapon) {freezing cloud, *Noise +Fly rC+}
   (You found it on level 11 of the Dungeon)

   It has been specially enchanted to freeze those struck by it, causing extra
   injury to most foes and up to half again as much damage against particularly
   susceptible opponents.
   It can also slow down cold-blooded creatures.
   It protects you from cold.
   It lets you fly.
   It may make noises in combat.
 Y - a +1 hand axe of flaming
Armour
 y - a +0 pair of boots (worn)
 A - a +0 cloak (worn)
 G - a +0 pair of gloves (worn)
 W - the +1 plate armour of Responsibility (worn) {rC+ rN+}
   (You found it on level 12 of the Dungeon)

   It protects you from cold.
   It protects you from negative energy.
Jewellery
 b - a ring of protection from cold (left hand)
 u - an amulet of faith (around neck)
 T - an uncursed ring of resist corrosion
 Z - a ring of positive energy (right hand)
Wands
 w - a wand of polymorph (12/24)
 z - a wand of digging (10/24)
 F - a wand of confusion (38/48)
 H - a wand of disintegration (13/24)
 I - a wand of scattershot (6/9)
 J - a wand of lightning (5/15)
 K - a wand of iceblast (3/15)
 S - a wand of iceblast (10/15)
Scrolls
 i - 5 scrolls of immolation {unknown}
 j - 3 scrolls of magic mapping {unknown}
 m - 5 scrolls of amnesia {unknown}
 n - 3 scrolls of recharging {unknown}
 o - 6 scrolls of teleportation
 q - 5 scrolls of remove curse {@r2}
 s - 4 scrolls of enchant armour {unknown}
 t - a scroll of random uselessness {unknown}
 x - 3 scrolls of noise {unknown}
 E - 6 scrolls of identify {@r1}
 N - 2 scrolls of blinking {unknown}
 R - a scroll of fog {unknown}
Potions
 a - 2 potions of curing {@q1}
 c - 2 potions of berserk rage {unknown}
 g - 11 potions of heal wounds
 l - 3 potions of lignification
 p - 3 potions of might {unknown}
 r - 2 potions of magic {unknown}
 v - a potion of resistance {unknown}
 B - 2 potions of brilliance {unknown}
 C - 3 potions of degeneration {unknown}
 D - 3 potions of mutation {unknown}
 L - 3 potions of haste {unknown}
 O - 3 potions of flight {unknown}
 V - 2 potions of agility {unknown}
 X - 2 potions of cancellation {unknown}
Books
 P - a book of Frost

   Spells                             Type                      Level
   a - Freeze                         Ice                          1
   b - Throw Frost                    Conjuration/Ice              2
   c - Ozocubu's Armour               Charms/Ice                   3
   d - Throw Icicle                   Conjuration/Ice              4
   e - Summon Ice Beast               Ice/Summoning                4
   Trog disapproves of the use of such an item.
Miscellaneous
 Q - a lamp of fire
Comestibles
 d - 7 bread rations
 e - 7 meat rations
 f - 5 fruits
 h - 8 royal jellies


   Skills:
 + Level 13.9 Fighting
 * Level 15.3 Axes
 + Level 13.6 Armour
 - Level 11.1 Dodging


You had 12 spell levels left.
You didn't know any spells.

Dungeon Overview and Level Annotations

Branches:
Dungeon (14/15)            Temple (0/1) D:5            Lair (0/6) D:9
    Orc (0/2) D:11         Vaults (0/5) D:14

Altars:
Cheibriados
Dithmenos
Fedhas
Gozag
Qazlal
Ru
Sif Muna
Vehumet
Yredelemnul
The Shining One
Beogh

Shops:
D:12 %!(

Annotations:
D:4 Menkaure
D:7 exclusion: statue


Innate Abilities, Weirdness & Mutations

You reflexively headbutt those who attack you in melee.
You have a pair of horns on your head.
You are clumsy. (Dex -2)
You are dopey. (Int -2)
You are robust. (+10% HP)


Message History

The vault guard is severely wounded.
The vault guard misses you.
The vault guard hits you but does no damage.
The vault guard hits you from afar with a halberd!
* * * LOW HITPOINT WARNING * * *
The vault guard hits you with a great mace!
* * * LOW HITPOINT WARNING * * *
You see here a vampire mosquito corpse.
As you read the scroll of teleportation, it crumbles to dust.
You feel strangely unstable.
The vault guard hits you with a great mace.
* * * LOW HITPOINT WARNING * * *
The vault guard hits you but does no damage.
The vault guard hits you but does no damage.
You see here 16 bolts.
Your surroundings suddenly seem different.
A cyclops comes into view.
The cyclops shouts!
The cyclops throws a large rock.
The large rock hits you!!
You die...

#############
#...........#
#.#########.# #.# #.#
#.# #.# #.# #.#
######.#########@#####
...........#...))....###
######<.........).......
#...............###
#...............#
#...............#
#.....C.........#
#.##..#.........#
#.....#.........#


You could see a cyclops.

Vanquished Creatures
  Kirke (D:13)
  4 vault guards (D:14)
  An ice dragon (D:11)
  3 centaur warriors
  7 two-headed ogres
  2 unseen horrors
  A wolf spider zombie (D:13)
  An orc knight (D:13)
  An ugly thing (D:11)
  A cyclops (D:13)
  A manticore (D:13)
  2 centaur zombies
  2 centaur skeletons
  2 gargoyles
  Psyche (D:12)
  2 rime drakes (D:11)
  5 trolls
  Grinder (D:4)
  A hornet (D:14)
  A polar bear (D:11)
  8 slime creatures
  6 hippogriffs
  A meliai zombie (D:13)
  A wyvern (D:8)
  2 vampires
  14 yaks
  2 wraiths
  A human (D:7)
  3 hogs
  3 basilisks (D:9)
  Grum (D:8)
  10 vampire mosquitoes
  A steam dragon (D:13)
  Edmund (D:4)
  A hungry ghost (D:11)
  Duvessa (D:4)
  4 porcupines (D:9)
  11 orc warriors
  7 ice beasts
  A hornet zombie (D:13)
  2 black bears
  3 phantoms
  6 sky beasts
  An ice beast (shapeshifter) (D:9)
  A necrophage (D:8)
  3 centaurs
  7 ogres
  4 wolves (D:8)
  3 crocodiles
  A big kobold (D:13)
  A gnoll sergeant (D:11)
  4 bullfrogs
  A wyvern skeleton (D:14)
  Dowan (D:4)
  A scorpion (D:14)
  6 killer bees
  8 wights
  A howler monkey (D:13)
  5 crimson imps
  A bullfrog zombie (D:12)
  2 jellies
  A bullfrog skeleton (D:11)
  Crazy Yiuf (D:4)
  2 orc priests (D:13)
  4 hounds
  11 orc wizards
  Ijyb (D:3)
  7 iguanas
  5 worker ants
  3 hound skeletons
  13 gnolls
  9 adders
  8 shadow imps
  2 adder skeletons
  An adder zombie (D:8)
  5 worms
  A dart slug (D:2)
  4 leopard geckos
  52 orcs
  6 bats
  16 giant cockroaches
  16 goblins
  7 hobgoblins
  13 jackals
  A quokka (D:9)
  2 ball pythons
  5 frilled lizards
  A jackal zombie (D:7)
  12 kobolds
  A quokka skeleton (D:9)
  2 quokka zombies
  8 rats
  3 fungi
404 creatures vanquished.

Vanquished Creatures (others)
  2 humans (D:13)
  A centaur (D:13)
  A scorpion (D:13)
  3 kobolds (D:13)
  A fungus (D:9)
  5 plants (D:9)
13 creatures vanquished.

Grand Total: 417 creatures vanquished

Notes
Turn   | Place    | Note
-------+----------+-------------------------------------------
     0 | D:1      | kuniqs the Minotaur Berserker began the quest for the Orb.
     0 | D:1      | Reached XP level 1. HP: 19/19 MP: 0/0
   170 | D:1      | Reached XP level 2. HP: 24/27 MP: 1/1
   804 | D:2      | Reached skill level 4 in Axes
   866 | D:2      | Reached XP level 3. HP: 32/33 MP: 2/2
   877 | D:2      | Reached ** piety under Trog
  1667 | D:2      | Reached XP level 4. HP: 34/40 MP: 3/3
  2126 | D:3      | Reached XP level 5. HP: 25/47 MP: 4/4
  2588 | D:3      | Noticed Ijyb
  2591 | D:3      | Reached *** piety under Trog
  2596 | D:3      | Killed Ijyb
  2964 | D:4      | Noticed a phantom
  2968 | D:4      | Reached skill level 5 in Fighting
  3000 | D:4      | Killed a phantom
  3000 | D:4      | Reached skill level 5 in Axes
  3000 | D:4      | Reached XP level 6. HP: 56/56 MP: 5/5
  3088 | D:4      | Found a deep blue altar of Sif Muna.
  3095 | D:4      | Found a stormy altar of Qazlal.
  3141 | D:4      | Found a runed door.
  3145 | D:4      | Noticed Crazy Yiuf
  3149 | D:4      | Killed Crazy Yiuf
  3227 | D:4      | Noticed Edmund
  3245 | D:4      | Killed Edmund
  3245 | D:4      | Reached skill level 5 in Armour
  3245 | D:4      | Reached XP level 7. HP: 54/62 MP: 6/6
  3324 | D:4      | Found a snail-covered altar of Cheibriados.
  3351 | D:4      | Noticed Dowan
  3352 | D:4      | Noticed Duvessa
  3353 | D:4      | Noticed Grinder
  3356 | D:4      | Killed Dowan
  3361 | D:4      | Killed Duvessa
  3361 | D:4      | Reached skill level 5 in Dodging
  3364 | D:4      | Killed Grinder
  3364 | D:4      | Reached skill level 6 in Axes
  3457 | D:4      | Noticed Menkaure
  3458 | D:4      | Found a blossoming altar of Fedhas.
  3571 | D:4      | Reached XP level 8. HP: 71/71 MP: 7/7
  3619 | D:5      | Entered Level 5 of the Dungeon
  3975 | D:5      | Reached **** piety under Trog
  4240 | D:5      | Found a staircase to the Ecumenical Temple.
  4455 | D:6      | Found a glowing golden altar of the Shining One.
  4573 | D:6      | Reached skill level 7 in Axes
  5282 | D:7      | Found a shadowy altar of Dithmenos.
  5387 | D:7      | Reached XP level 9. HP: 45/81 MP: 8/8
  5390 | D:7      | Reached skill level 8 in Axes
  5655 | D:7      | Found a radiant altar of Vehumet.
  5841 | D:7      | Gained mutation: You are clumsy. (Dex -2) [mutagenic meat]
  5842 | D:7      | Gained mutation: You are weak. (Str -2) [mutagenic meat]
  5867 | D:8      | Found a sacrificial altar of Ru.
  5880 | D:8      | Noticed Grum
  5889 | D:8      | Reached ***** piety under Trog
  5893 | D:8      | Reached skill level 9 in Axes
  5896 | D:8      | Killed Grum
  6187 | D:8      | Noticed a gargoyle
  6196 | D:8      | Killed a gargoyle
  6215 | D:8      | Got an encrusted dagger
  6216 | D:8      | Identified the +8 dagger of Xaor {venom, rF+ MR+} (You found it on level 8 of the Dungeon)
  6237 | D:8      | Reached XP level 10. HP: 88/91 MP: 9/9
  6404 | D:8      | Found a basalt altar of Yredelemnul.
  6691 | D:8      | Gained mutation: You are dopey. (Int -2) [mutagenic meat]
  6693 | D:8      | Gained mutation: You are robust. (+10% HP) [mutagenic meat]
  6694 | D:8      | Lost mutation: You are weak. (Str -2) [mutagenic meat]
  7572 | D:9      | Noticed a two-headed ogre
  7580 | D:9      | Killed a two-headed ogre
  7722 | D:9      | Noticed a two-headed ogre
  7729 | D:9      | Reached skill level 10 in Axes
  7739 | D:9      | Killed a two-headed ogre
  7739 | D:9      | Reached skill level 10 in Fighting
  7978 | D:9      | Reached skill level 10 in Armour
  8101 | D:9      | Received a gift from Trog
  8121 | D:9      | Found an opulent altar of Gozag.
  8208 | D:9      | Received a gift from Trog
  8209 | D:9      | Found a staircase to the Lair.
  8211 | D:9      | Reached XP level 11. HP: 56/111 MP: 10/10
  8795 | D:10     | Entered Level 10 of the Dungeon
  8838 | D:10     | Noticed a centaur warrior
  8858 | D:10     | Killed a centaur warrior
  8858 | D:10     | Reached skill level 11 in Axes
  8997 | D:10     | Reached skill level 10 in Dodging
  9065 | D:10     | Noticed a two-headed ogre
  9074 | D:10     | Killed a two-headed ogre
  9240 | D:10     | Noticed a two-headed ogre
  9246 | D:10     | Killed a two-headed ogre
  9485 | D:11     | Noticed an ice dragon
  9504 | D:11     | Noticed a two-headed ogre
  9512 | D:11     | Killed an ice dragon
  9512 | D:11     | Killed a two-headed ogre
  9512 | D:11     | Reached skill level 12 in Axes
 10011 | D:11     | Found a staircase to the Orcish Mines.
 10045 | D:11     | Killed an unseen horror
 10045 | D:11     | Reached XP level 12. HP: 70/123 MP: 11/11
 10222 | D:11     | Got a transparent dagger {flame}
 10223 | D:11     | Identified the cursed +1 dagger "Binom" {flame, rC++} (You took it off an orc wizard on level 11 of the Dungeon)
 10539 | D:11     | Noticed a two-headed ogre
 10543 | D:11     | Killed a two-headed ogre
 10749 | D:12     | Found Hamirgh's Antique Weapon Shoppe.
 10750 | D:12     | Found Kigar's Distillery.
 10813 | D:12     | Bought a potion of heal wounds for 80 gold pieces
 10936 | D:12     | Got a sapphire-encrusted plate armour
 10937 | D:12     | Identified the +1 plate armour of Responsibility {rC+ rN+} (You found it on level 12 of the Dungeon)
 10984 | D:12     | Found Maimy's Food Emporium.
 10988 | D:12     | Received a gift from Trog
 11011 | D:12     | Reached skill level 13 in Axes
 11584 | D:12     | Noticed Psyche
 11589 | D:12     | Killed Psyche
 11908 | D:13     | Noticed Kirke
 11916 | D:13     | Received a gift from Trog
 11923 | D:13     | Killed Kirke
 11989 | D:13     | Noticed a centaur warrior
 11996 | D:13     | Killed a centaur warrior
 12052 | D:13     | Reached skill level 14 in Axes
 12380 | D:13     | Noticed a centaur warrior
 12386 | D:13     | Killed a centaur warrior
 12576 | D:13     | Reached XP level 13. HP: 116/134 MP: 12/12
 13023 | D:13     | Found a roughly hewn altar of Beogh.
 13169 | D:14     | Reached ****** piety under Trog
 13402 | D:14     | Found a gate to the Vaults.
 13405 | D:14     | Reached skill level 15 in Axes
 13418 | D:14     | Received a gift from Trog
 13428 | D:14     | HP: 6/135 [vault guard/great mace (17)]
 13435 | D:14     | Hit by a large rock thrown by a cyclops

Skill      XL: |  1  2  3  4  5  6  7  8  9 10 11 12 13 |
---------------+----------------------------------------+-----
Axes           | 4 5 6 7 9 10 12 14 15 | 15.3
Armour         | 3 4 5 6 7 9 10 11 13 | 13.6
Fighting       | 4 5 6 7 9 10 11 13 | 13.9
Dodging        | 3 4 5 6 8 9 10 11 | 11.1

Action                   |  1- 3 |  4- 6 |  7- 9 | 10-12 | 13-15 || total
-------------------------+-------+-------+-------+-------+-------++-------
Melee: Hand axe          |   115 |     3 |       |       |       ||   118
       Headbutt          |    13 |    17 |    37 |    71 |    13 ||   151
       War axe           |       |   122 |   195 |   155 |       ||   472
       Quarterstaff      |       |     2 |       |       |       ||     2
       Dagger            |       |       |       |    20 |       ||    20
       Battleaxe         |       |       |       |   119 |       ||   119
       Executioner's axe |       |       |       |   177 |    85 ||   262
Invok: Berserk           |       |     2 |     2 |     9 |     2 ||    15
  Use: Scroll            |       |       |       |     4 |     1 ||     5
       Potion            |       |       |       |     1 |       ||     1
  Eat: Chunk             |     2 |     7 |    13 |    35 |     3 ||    60
       Royal jelly       |       |       |     1 |     1 |       ||     2
Armor: Animal skin       |    40 |     1 |       |       |       ||    41
       Scale mail        |       |     9 |       |       |       ||     9
       Chain mail        |       |    53 |    29 |       |       ||    82
       Plate armour      |       |       |   108 |   345 |    49 ||   502
       Skin              |       |       |       |     1 |       ||     1
Dodge: Dodged            |    92 |    57 |   116 |   283 |    54 ||   602
